 Dungeon Crawl Stone Soup version 0.31-a0-986-g5e6e4ef867 (webtiles) character file.

Game seed: 10864067075501533479

70 serber55 the Chiller (level 4, -2/32 HPs)
             Began as a Merfolk Ice Elementalist on Nov 20, 2023.
             Slain by a gnoll
             ... wielding a +0 spear
              (4 damage)
             ... on level 2 of the Dungeon.
             The game lasted 00:06:04 (2135 turns).

serber55 the Chiller (Merfolk Ice Elementalist)     Turns: 2135, Time: 00:06:05

Health: -2/32      AC:  7    Str:  8    XL:     4   Next: 21%
Magic:  5/7        EV: 13    Int: 16    God:
Gold:   124        SH:  0    Dex: 14    Spells: 1/8 levels left

rFire   . . .        d - +0 whip (chaos)
rCold   . . .        (no shield)
rNeg    . . .        a - +0 robe
rPois   .            (no helmet)
rElec   .            (no cloak)
rCorr   .            g - +0 pair of gloves
SInv    .            (no boots)
Will    +....        (no amulet)
Stlth   ++           k - +4 ring of protection
HPRegen 0.25/turn    (no ring)
MPRegen 0.10/turn

%: no passive effects
@: brilliant, enlightened, flying, very slightly contaminated
A: (nimble swimmer 2), mertail
a: no special abilities


You were on level 2 of the Dungeon.
You visited 1 branch of the dungeon, and saw 2 of its levels.

You collected 124 gold pieces.

Inventory:

Hand Weapons
 d - a +0 whip of chaos (weapon)
Missiles
 l - a throwing net
Armour
 a - a +0 robe (worn)
 g - a +0 pair of gloves (worn)
Jewellery
 k - a +4 ring of protection (left hand)
Scrolls
 c - a scroll of fear
 e - 2 scrolls of amnesia
Potions
 f - a potion of attraction


   Skills:
 + Level 1.5 Fighting
 + Level 3.4 Dodging
 - Level 2.1 Stealth
 + Level 2.5 Spellcasting
 * Level 5.1 Ice Magic


You had one spell level left.
You knew the following spells:

 Your Spells              Type           Power      Damage    Failure   Level
a - Freeze                Ice            100%       1d10      2%          1
b - Frozen Ramparts       Ice            54%        1d9       7%          3
c - Ozocubu's Armour      Ice            27%        N/A       7%          3

Your spell library contained the following spells:

 Spells                   Type           Power      Damage    Failure   Level
 Ensorcelled Hibernation  Hex/Ice        30%        N/A       11%         2
 Passwall                 Tmut/Erth      2%         N/A       30%         2
 Swiftness                Air            3%         N/A       52%         3
 Summon Ice Beast         Ice/Summ       15%        N/A       56%         4


Dungeon Overview and Level Annotations

Branches:
Dungeon (2/15)

Altars:


Innate Abilities, Weirdness & Mutations

((You are very nimble when in or above water. (Stealth+, EV+, Speed+++)))
Your lower body shifts to a powerful aquatic tail in water.


Message History

You don't have enough magic to cast this spell.
It was a potion of curing.
You feel better.
It was a potion of enlightenment.
You feel very buoyant.
You fly up into the air.
The gnoll hits you with a +0 spear. The gnoll hits you with a +0 club.
It was a potion of brilliance.
You feel clever all of a sudden.
The gnoll hits you from afar with a +0 halberd.
The gnoll hits you but does no damage. The gnoll hits you with a +0 club.
You closely miss the gnoll.
The gnoll is heavily wounded.
The gnoll barely misses you. The gnoll hits you with a +0 spear.
The gnoll hits you with a +0 club.
* * * LOW HITPOINT WARNING * * *
Unknown command.
You barely miss the gnoll.
The gnoll is heavily wounded.
The gnoll misses you. The gnoll closely misses you.
The gnoll hits you with a +0 club.
* * * LOW HITPOINT WARNING * * *
You completely miss the gnoll.
The gnoll is heavily wounded.
The gnoll misses you. The gnoll barely misses you.
The gnoll hits you but does no damage.
Unknown command.
Magic courses through your body. The gnoll barely misses you.
The gnoll hits you with a +0 spear.
* * * LOW HITPOINT WARNING * * *
The gnoll hits you with a +0 club.
* * * LOW HITPOINT WARNING * * *
Casting: Frozen Ramparts (quite dangerous; 7% risk of failure)
Confirm with . or Enter, or press ? or * to list all spells.
Casting: Frozen Ramparts (quite dangerous; 7% risk of failure)
Press: ? - help, Dir - look around, f - activate You feel a surge of power!
You miscast Frozen Ramparts.
You are very lightly contaminated with residual magic.
Nothing appears to happen.
The gnoll barely misses you. The gnoll hits you with a +0 spear.
You die...

##### ############ #...##
#.(........# .....##
#.########.#
......#####.####...#.#
..............ggg..#.#########
.......####.####@)...........#
.........##.# ##.##.#######.#
......##.##.# #.##.# #.#
.....###.##.# #.##.# #.#
#...## #.##.#####.##.# #.#
##### #.##.##.##.##.# #.#
#.##...#......# #.#
#.#####.####### #####.# ##.#
#.# #.....#


You could see 3 gnolls.

Vanquished Creatures
  A gnoll (D:2)
  A dart slug (D:2)
  5 bats (D:1)
  4 endoplasms (D:1)
  6 giant cockroaches
  7 hobgoblins
  8 kobolds
  2 quokkas (D:1)
  2 ball pythons
  3 frilled lizards (D:2)
  5 goblins
  7 rats
51 creatures vanquished.

Notes
Turn   | Place    | Note
-------+----------+-------------------------------------------
     0 | D:1      | serber55 the Merfolk Ice Elementalist began the quest for
                  | the Orb.
     0 | D:1      | Reached XP level 1. HP: 13/13 MP: 3/3
   204 | D:1      | Reached XP level 2. HP: 20/20 MP: 5/5
   555 | D:1      | Reached skill level 1 in Fighting
   581 | D:1      | Reached XP level 3. HP: 20/26 MP: 2/6
   585 | D:1      | Learned a level 3 spell: Frozen Ramparts
  1206 | D:2      | Reached skill level 5 in Ice Magic
  1618 | D:2      | Reached XP level 4. HP: 32/32 MP: 5/7
  1622 | D:2      | Learned a level 3 spell: Ozocubu's Armour
  2135 | D:2      | Slain by a gnoll

Illustrated notes

Levels and vault maps discovered:
D:1:      lemuel_arrival_hallway, layout_basic
D:2:      layout_loops_ring, grunt_ministairs_12

Skill      XL: |  1  2  3 |
---------------+----------+-----
Dodging        | 3 |  3.4
Fighting       | 1 |  1.5
Ice Magic      | 5 |  5.1
Stealth        | |  2.1
Spellcasting   | |  2.5

Action                     |  1- 3 |  4- 6 || total
---------------------------+-------+-------++-------
  Melee: Whip              |    55 |     8 ||    63
         Punch             |     1 |       ||     1
   Cast: Freeze            |    41 |     3 ||    44
         Frozen Ramparts   |     4 |     1 ||     5
         Ozocubu's Armour  |       |     1 ||     1
    Use: Scroll            |       |     5 ||     5
         Potion            |       |     4 ||     4
   Stab: Sleeping          |     7 |     1 ||     8
 Armour: Robe              |    41 |    15 ||    56
  Dodge: Dodged            |    62 |    15 ||    77

Table legend: (Time is in decaauts)
 A = Elapsed time spent in this place.
 B = Non-inter-level travel time spent in this place.
 C = Inter-level travel time spent in this place.
 D = Time resting spent in this place.
 E = Time spent auto-exploring this place.
 F = Levels seen in this place.
 G = Mean time per level.
                   A        B        C        D        E       F      G
               +--------+--------+--------+--------+--------+-----+--------+
         Total |   2140 |   1972 |    168 |    143 |   1439 |   2 | 1070.0 |
       Dungeon |   2140 |   1972 |    168 |    143 |   1439 |   2 | 1070.0 |
               +--------+--------+--------+--------+--------+-----+--------+

Top non-repeatable levels by time:
     D:2: 1124 daAuts
     D:1: 1015 daAuts
